 Dungeon Crawl Stone Soup version 0.30.1-9-gdf580d7c3d (webtiles) character file.

Game seed: 18175972656719059861

99673 STONEBOULDER the Severer (level 15, -13/223 HPs)
             Began as a Minotaur Berserker on Oct 12, 2023.
             Was a High Priest of Trog.
             Mangled by an orc warrior
             ... wielding a +0 glaive
             ... led by an orc warlord
              (16 damage)
             ... on level 2 of the Orcish Mines.
             The game lasted 00:48:44 (30916 turns).

STONEBOULDER the Severer (Minotaur Berserker)      Turns: 30916, Time: 00:48:44

Health: -13/223    AC: 22    Str: 34    XL:     15   Next: 78%
Magic:  14/14      EV: 13    Int:  4    God:    Trog [*****.]
Gold:   1967       SH: 15    Dex: 11    Spells: 14/14 levels left

rFire   + . .        V - +5 broad axe
rCold   . . .        O - +0 tower shield
rNeg    + + .        D - +0 pearl dragon scales
rPois   .            L - +2 hat
rElec   .            E - +0 cloak {rCorr}
rCorr   +            f - +0 pair of gloves
SInv    .            N - +0 pair of boots
Will    ++...        H - macabre finger necklace {Finger+ rN+} Stlth
                     y - ring of protection from fire
HPRegen 0.57/turn    K - ring of willpower
MPRegen 0.14/turn    d - +6 ring of strength

%: no passive effects
@: berserking (expiring), very quick
A: horns 2, retaliatory headbutt
a: Renounce Religion, Berserk, Trog's Hand, Brothers in Arms


You were on level 2 of the Orcish Mines.
You worshipped Trog.
Trog was extremely pleased with you.
You visited 3 branches of the dungeon, and saw 22 of its levels.
You also visited: Gauntlet.

You collected 1967 gold pieces.

Inventory:

Hand Weapons
 V - a +5 broad axe (weapon)
Armour
 f - a +0 pair of gloves (worn)
 D - +0 pearl dragon scales (worn)
 E - a +0 cloak of preservation (worn)
 L - a +2 hat (worn)
 N - a +0 pair of boots (worn)
 O - a +0 tower shield (worn)
Jewellery
 d - a +6 ring of strength (on amulet)
 s - a ring of resist corrosion
 y - a ring of protection from fire (left hand)
 H - the macabre finger necklace (around neck) {Finger+ rN+}
   (You found it on level 15 of the Dungeon)

   [amulet of nothing]

   Finger+:   It enables you to equip an extra ring.
   rN:        It protects you from negative energy.
 K - a ring of willpower (right hand)
Wands
 p - a wand of mindburst (12)
 q - a wand of quicksilver (15)
 x - a wand of flame (8)
 I - a wand of paralysis (24)
 M - a wand of iceblast (12)
 R - a wand of polymorph (5)
Scrolls
 a - 2 scrolls of magic mapping
 e - 7 scrolls of vulnerability
 i - 8 scrolls of enchant armour
 k - 2 scrolls of torment
 l - 6 scrolls of poison
 m - 4 scrolls of noise
 o - a scroll of brand weapon
 A - 2 scrolls of blinking
 B - 7 scrolls of fog
 F - 5 scrolls of enchant weapon
 P - 7 scrolls of teleportation
 S - 2 scrolls of butterflies
 T - a scroll of silence
 X - 4 scrolls of fear
Potions
 b - 3 potions of resistance
 c - 4 potions of heal wounds
 g - 12 potions of curing
 h - a potion of ambrosia {unknown}
 j - 4 potions of haste
 n - 5 potions of flight
 r - 2 potions of berserk rage
 t - 2 potions of invisibility
 u - 2 potions of mutation
 v - 4 potions of magic
 U - a potion of lignification {unknown}
 Y - 2 potions of cancellation {unknown}
 Z - a potion of attraction {unknown}
Miscellaneous
 w - a phial of floods
 z - a lightning rod (4/4)
 C - a condenser vane (inert)
 Q - a box of beasts (inert)
 W - a piece from Xom's chessboard (15/15)


   Skills:
 * Level 17.9 Fighting
 * Level 18.4 Axes
 + Level 12.5 Armour
 + Level 11.5 Dodging
 - Level 0.7 Stealth
 + Level 9.7 Shields
 + Level 9.5 Evocations


You had 14 spell levels left.
You didn't know any spells.
Your spell library was empty.

Dungeon Overview and Level Annotations

Branches:
Dungeon (15/15)            Temple (0/1) D:6            Lair (5/5) D:9
  Swamp (0/4) Lair:3       Spider (0/4) Lair:2        Slime (0/5) Lair:5
    Orc (2/2) D:11         Vaults (0/5) D:14         Depths (0/4) D:15
Gauntlet (visited)
    Elf: Orc:2

Altars:
Ashenzari
Dithmenos
Fedhas
Gozag
Hepliaklqana
Makhleb
Qazlal
Sif Muna
Uskayaw
Vehumet
Xom

Shops:
Orc:2 :


Innate Abilities, Weirdness & Mutations

You have a pair of horns on your head.
You reflexively headbutt those who attack you in melee.


Message History

You hit the orc warrior. You headbutt the orc warrior!
The orc warrior is heavily wounded.
You barely miss something. You slice the troll!! You slash the orc warrior!
You slice the orc!!
You kill the orc!
Trog accepts your kill.
You hit the orc warrior but do no damage.
The orc warrior completely misses you. You furiously retaliate!
You headbutt the orc warrior!! You slash the orc warrior!
The orc warrior is severely wounded.
You slash the orc warrior!
You feel the power of Trog in you as your rage grows.
You kill the orc warrior!
Trog accepts your kill.
You barely miss something. You closely miss the troll.
You closely miss the orc warrior. The troll bites you.
* * * LOW HITPOINT WARNING * * *
You block the troll's attack. The troll claws you but does no damage.
The orc knight roars a battlecry!
The orc warrior hits you from afar with a +0 halberd.
* * * LOW HITPOINT WARNING * * *
Something hits you but does no damage. You block the orc warrior's attack.
The orc warrior closely misses you.
Unknown command.
You hit the orc warrior. You headbutt the orc warrior.
The orc warrior is moderately wounded.
You miss something. You slash the orc warrior!
You kill the orc warrior!
Trog accepts your kill.
You slash the troll! You slash the orc warrior! You slice the orc!!
You kill the orc!
Trog accepts your kill. You block the orc warrior's attack.
You block the troll's attack. The troll claws you.
* * * LOW HITPOINT WARNING * * *
The troll claws you but does no damage. The orc warrior completely misses you.
Something hits you but does no damage.
The orc warrior hits you from afar with a +0 glaive!
You die...

....................
.........#..............
....#...........#.......
...#..........#..#...P.8
....#......<............
..........)............∩
................o.P.....
..............)oo{......
...........#.).o@)#.
..............).oT#
......<........o.##
.##........#.#.....
#....#.............o
##.............#..#.#
#.................##
......#..#.......##
.##.######.##.#


You could see an orc knight, a troll, 4 orc warriors and an orc (strong).

Vanquished Creatures
  Rupert (D:13)
  2 storm dragons (D:15)
  Gastronok (D:10)
  An orc warlord (Orc:2)
  The ghost of Dillybarz the Severer, a journeyman MiFi of Okawaru (Lair:5)
  A minotaur (Gauntlet)
  A fire dragon (D:12)
  Snorg (Lair:5)
  2 great orbs of eyes
  6 hydras
  2 rakshasas (D:15)
  A catoblepas (D:14)
  An ice dragon (Lair:1)
  4 centaur warriors
  7 two-headed ogres
  8 boulder beetles
  2 dancing weapons (D:14)
  A tengu warrior (D:14)
  10 death yaks
  Nergalle (D:11)
  9 skeletal warriors
  A fire crab (Lair:5)
  A goliath frog (Lair:5)
  A lindwurm (shapeshifter) (D:15)
  2 orc knights
  A deep elf pyromancer (D:14)
  7 cyclopes
  12 ugly things
  An orc sorcerer (Orc:2)
  A manticore (D:15)
  Maurice (D:8)
  16 elephants
  7 black mambas
  2 gargoyles (D:12)
  23 cane toads
  7 kobold demonologists
  A smoke demon (Gauntlet)
  2 rime drakes
  2 unseen horrors
  7 komodo dragons
  2 efreet (D:14)
  10 trolls
  4 hornets
  2 tyrant leeches (Lair:5)
  3 polar bears (Lair:5)
  A red devil (Gauntlet)
  3 meliai (D:14)
  A wind drake (shapeshifter) (D:15)
  21 blink frogs
  6 dream sheep (Lair:5)
  A centaur simulacrum (D:15)
  A jumping spider (shapeshifter) (D:13)
  6 shadows
  2 culicivoras (Lair:2)
  8 slime creatures
  2 water elementals (D:14)
  15 yaks
  The ghost of turdburglar the Chopper, an amateur HOMo of Elyvilon (D:4)
  A wyvern (Lair:5)
  2 wraiths
  2 vampires
  A human (shapeshifter) (D:15)
  2 steam dragons (D:9)
  2 redbacks (Lair:2)
  12 vampire mosquitoes
  4 basilisks
  A warg (Orc:1)
  An acid dragon (D:10)
  9 water moccasins
  3 black bears
  15 orc warriors
  The ghost of turdburglar the Digger, an amateur TrEE (D:3)
  4 ice beasts
  2 sky beasts
  The ghost of Temeik the Shield-Bearer, an amateur FoFi (D:15)
  3 ogres
  8 centaurs
  2 phantoms
  7 kobold brigands
  3 gnoll sergeants
  17 bullfrogs
  5 scorpions
  A water moccasin zombie (D:3)
  13 wights
  A hornet simulacrum (D:14)
  4 killer bees (D:9)
  8 electric eels
  7 howler monkeys
  5 crimson imps
  4 lava snakes (Lair:4)
  Crazy Yiuf (D:2)
  A hound (D:6)
  A jelly (D:7)
  A gnoll bouda (D:8)
  11 orc priests
  2 sleepcaps
  Terence (D:2)
  Jessica (D:3)
  4 iguanas
  16 orc wizards
  4 hound zombies (D:3)
  18 gnolls
  15 adders
  A shadow imp (D:6)
  6 white imps
  An ufetubus (D:6)
  2 adder zombies (D:3)
  2 adder skeletons (D:3)
  A worm (D:5)
  2 dart slugs (D:1)
  87 orcs
  7 ball pythons
  6 endoplasms
  4 giant cockroaches
  7 goblins
  7 hobgoblins
  8 quokkas
  7 bats
  2 frilled lizards (D:2)
  16 kobolds
  7 rats
  A spectral kobold (D:4)
648 creatures vanquished.

Vanquished Creatures (collateral kills)
  A centaur warrior (D:15)
1 creature vanquished.

Vanquished Creatures (others)
  A slime creature (D:15)
  9 yaks (D:9)
  A kobold brigand (D:9)
  An orc wizard (D:9)
12 creatures vanquished.

Grand Total: 661 creatures vanquished

Notes
Turn   | Place    | Note
-------+----------+-------------------------------------------
     0 | D:1      | STONEBOULDER the Minotaur Berserker began the quest for the
                  | Orb.
     0 | D:1      | Reached XP level 1. HP: 19/19 MP: 0/0
   118 | D:1      | Reached skill level 4 in Axes
   164 | D:1      | Reached XP level 2. HP: 27/27 MP: 1/1
   832 | D:2      | Found a runed translucent door.
   833 | D:2      | Noticed Crazy Yiuf
   899 | D:2      | Noticed Terence
   908 | D:2      | Killed Terence
   909 | D:2      | Reached XP level 3. HP: 34/34 MP: 2/2
   992 | D:2      | Reached skill level 5 in Axes
  1051 | D:2      | Reached XP level 4. HP: 41/41 MP: 3/3
  1220 | D:2      | You fall into a shaft and drop 2 floors!
  1299 | D:3      | Reached ** piety under Trog
  1306 | D:3      | Reached skill level 5 in Fighting
  1306 | D:3      | Reached skill level 6 in Axes
  1306 | D:3      | Reached XP level 5. HP: 44/48 MP: 4/4
  1348 | D:3      | Noticed turdburglar's ghost (amateur TrEE)
  1352 | D:3      | Found a runed translucent door.
  1431 | D:3      | Killed turdburglar's ghost
  1432 | D:3      | Reached skill level 7 in Axes
  1432 | D:3      | Reached XP level 6. HP: 41/56 MP: 5/5
  1574 | D:3      | Noticed Jessica
  1643 | D:3      | Killed Jessica
  2112 | D:2      | Killed Crazy Yiuf
  2946 | D:3      | Found a radiant altar of Vehumet.
  2946 | D:3      | Found a burning altar of Makhleb.
  3148 | D:4      | Found a hazy altar of Hepliaklqana.
  3152 | D:4      | Reached XP level 7. HP: 62/62 MP: 6/6
  3194 | D:4      | Reached skill level 8 in Axes
  3285 | D:4      | Reached *** piety under Trog
  3379 | D:4      | Found a shadowy altar of Dithmenos.
  3404 | D:4      | Found a runed translucent door.
  3411 | D:4      | Noticed turdburglar's ghost (amateur HOMo)
  3432 | D:4      | Killed turdburglar's ghost
  3433 | D:4      | Reached skill level 1 in Evocations
  3751 | D:4      | Found a blossoming altar of Fedhas.
  3875 | D:5      | Entered Level 5 of the Dungeon
  4083 | D:5      | Reached XP level 8. HP: 67/73 MP: 5/7
  4345 | D:5      | Reached skill level 9 in Axes
  4878 | D:6      | Found a hide-covered altar of Uskayaw.
  5005 | D:6      | Found a staircase to the Ecumenical Temple.
  5058 | D:6      | Noticed a boulder beetle
  5059 | D:6      | Noticed a troll
  5069 | D:6      | Killed a troll
  5070 | D:6      | Reached skill level 5 in Armour
  5070 | D:6      | Reached XP level 9. HP: 74/82 MP: 4/8
  5161 | D:6      | Noticed a boulder beetle
  5180 | D:6      | Killed a boulder beetle
  5181 | D:6      | Reached skill level 10 in Axes
  5181 | D:6      | Reached skill level 5 in Dodging
  5395 | D:6      | Killed a boulder beetle
  5717 | D:6      | Reached skill level 11 in Axes
  5756 | D:6      | Identified the +0 leather armour "Yghoanur" {Dex+3}
  5970 | D:6      | Found an opulent altar of Gozag.
  6232 | D:7      | Reached skill level 10 in Fighting
  6272 | D:7      | Reached XP level 10. HP: 74/93 MP: 5/9
  6483 | D:7      | Reached **** piety under Trog
  6574 | D:7      | Found a broken altar of Ashenzari.
  7671 | D:8      | Reached skill level 1 in Shields
  7901 | D:8      | Noticed Maurice
  7909 | D:8      | Killed Maurice
  7972 | D:9      | Noticed a two-headed ogre
  7972 | D:9      | Found a shimmering altar of Xom.
  8027 | D:9      | Noticed a two-headed ogre
  8037 | D:9      | Killed a two-headed ogre
  8153 | D:9      | Reached skill level 12 in Axes
  8189 | D:9      | Found a staircase to the Lair.
  8347 | D:9      | Found a stormy altar of Qazlal.
  8745 | D:9      | Reached skill level 5 in Evocations
  8752 | D:9      | Reached XP level 11. HP: 52/102 MP: 5/10
  9277 | D:9      | Reached ***** piety under Trog
  9483 | D:9      | Killed a two-headed ogre
  9485 | D:9      | Paralysed by a hornet for 1 turns
  9597 | D:10     | Entered Level 10 of the Dungeon
  9653 | D:10     | Noticed a sixfirhy
 10375 | D:10     | Noticed Gastronok
 10375 | D:10     | Noticed a centaur warrior
 10394 | D:10     | Killed a centaur warrior
 10395 | D:10     | Reached skill level 13 in Axes
 10400 | D:10     | Killed Gastronok
 10755 | D:10     | Found a shimmering blue altar of Sif Muna.
 11173 | D:11     | Noticed a red ugly thing
 11189 | D:11     | Killed a red ugly thing
 11440 | D:11     | Noticed Nergalle
 11447 | D:11     | Killed Nergalle
 11630 | D:11     | Found a staircase to the Orcish Mines.
 12026 | D:11     | Reached XP level 12. HP: 103/115 MP: 9/11
 12607 | Lair:1   | Entered Level 1 of the Lair of Beasts
 13117 | Lair:1   | Noticed an ice dragon
 13137 | Lair:1   | Killed an ice dragon
 13566 | Lair:1   | Identified the +12 trident of Zapal {elec, Int+3}
 13861 | Lair:1   | You fall into a shaft and drop 1 floor!
 13868 | Lair:2   | Reached skill level 14 in Axes
 14216 | Lair:2   | Received a gift from Trog
 14955 | Lair:2   | Found a hole to the Spider Nest.
 15870 | Lair:3   | Noticed a six-headed hydra
 15875 | Lair:3   | Killed a six-headed hydra
 15972 | Lair:3   | Noticed a seven-headed hydra
 15985 | Lair:3   | Killed a seven-headed hydra
 15986 | Lair:3   | Reached skill level 5 in Shields
 16507 | Lair:3   | Reached skill level 15 in Axes
 16507 | Lair:3   | Reached XP level 13. HP: 125/125 MP: 12/12
 16679 | Lair:3   | Reached skill level 10 in Armour
 16731 | Lair:3   | Found a staircase to the Swamp.
 16774 | Lair:3   | Identified the +0 falchion of the Illusory Teeth {flame,
                  | Fly rC+ Dex-2}
 18391 | Lair:3   | Reached skill level 15 in Fighting
 18765 | Lair:5   | Entered Level 5 of the Lair of Beasts
 18838 | Lair:5   | Found a staircase to the Slime Pits.
 19005 | Lair:5   | Reached skill level 16 in Axes
 19463 | Lair:5   | Found a runed translucent door.
 19466 | Lair:5   | Noticed Dillybarz's ghost (journeyman MiFi)
 19524 | Lair:5   | Reached skill level 10 in Dodging
 19530 | Lair:5   | Reached XP level 14. HP: 46/135 MP: 5/13
 19585 | Lair:5   | Received a gift from Trog
 20528 | Lair:5   | Noticed Snorg
 20541 | Lair:5   | Killed Snorg
 21383 | Lair:5   | Killed Dillybarz's ghost
 22179 | D:12     | Received a gift from Trog
 22439 | D:12     | Reached skill level 17 in Axes
 23281 | D:13     | Noticed Rupert
 23299 | D:13     | Killed Rupert
 24975 | D:14     | Reached XP level 15. HP: 146/146 MP: 14/14
 25054 | D:14     | Found a gate to the Vaults.
 25124 | D:14     | Received a gift from Trog
 26302 | D:15     | Entered Level 15 of the Dungeon
 26333 | D:15     | Found a gate leading to a gauntlet.
 26338 | Gauntlet | Entered a Gauntlet
 26338 | Gauntlet | Found a transporter.
 26338 | Gauntlet | Found a transporter.
 26339 | Gauntlet | Found a transporter.
 26342 | Gauntlet | Found a transporter.
 26356 | Gauntlet | Found a transporter.
 26371 | Gauntlet | Found a transporter.
 26372 | Gauntlet | Found a transporter.
 26390 | Gauntlet | Found a transporter.
 26394 | Gauntlet | Found a transporter.
 26404 | Gauntlet | Found a transporter.
 26408 | Gauntlet | Found a transporter.
 26466 | Gauntlet | Found a transporter.
 26871 | Gauntlet | Identified the amulet "Archi" {Acrobat Will+ Dex+2}
 26919 | Gauntlet | Identified the +3 glaive of Wuazxick {flame, rPois rF++
                  | MP+9 Int-5 Stlth-}
 27596 | D:15     | Found a shadowy altar of Dithmenos.
 27743 | D:15     | Reached skill level 18 in Axes
 27753 | D:15     | Found a transporter.
 27753 | D:15     | Noticed Temeik's ghost (amateur FoFi)
 27754 | D:15     | Noticed a storm dragon
 27757 | D:15     | Found a transporter.
 27759 | D:15     | Noticed a storm dragon
 27782 | D:15     | Found the macabre finger necklace {Finger+ rN+}
 28430 | D:15     | Found a staircase to the Depths.
 29416 | D:15     | Killed a storm dragon
 29418 | D:15     | Killed Temeik's ghost
 29418 | D:15     | Killed a storm dragon
 29835 | D:15     | Received a gift from Trog
 30597 | Orc:1    | Entered Level 1 of the Orcish Mines
 30854 | Orc:2    | Entered Level 2 of the Orcish Mines
 30913 | Orc:2    | Found Lotoor's Book Emporium.
 30915 | Orc:2    | HP: 9/223 [orc warrior/+0 halberd[an orc warlord] (3)]
 30916 | Orc:2    | HP: 3/223 [troll[an orc knight] (6)]
 30916 | Orc:2    | Mangled by an orc warrior

Illustrated notes

Levels and vault maps discovered:
D:1:      dpeg_arrival_tiny_k, layout_loops_ring, minmay_pentomino_u4
D:2:      layout_loops_cross, chequers_serial_rivers_large_a,
          minmay_quadrilaterals, uniq_crazy_yiuf_cottage, uniq_terence
D:3:      layout_loops_cross, grunt_temple_overflow_lords_of_destruction,
          hellmonk_ghost_happy_afterlife, serial_undead, serial_undead_a,
          serial_undead_c, serial_undead_a, serial_undead_e, st_stairs_4,
          uniq_jessica
D:4:      layout_rooms, mainiacjoe_overflow_alcove_2,
          mainiacjoe_overflow_small_starburst,
          nicolae_hepliaklqana_monster_ancestors, ebering_ghost_sewer_d
D:5:      layout_basic
D:6:      minmay_chambers_of_sixes, layout_basic,
          nicolae_uskayaw_murder_on_the_dancefloor, grunt_gozag_statues,
          minmay_temple_entry_wispy
D:7:      layout_cave_pods, nicolae_overflow_crystal_walls,
          kennysheep_nondescript
D:8:      layout_basic, uniq_maurice
D:9:      layout_roguey [special_room_orc], xom_confusion_cloud,
          nicolae_qazlal_style_of_elements, lair_entry_dummy
D:10:     layout_loops_ring, led_sif_book, uniq_gastronok
D:11:     layout_basic, david_orc_5, minmay_misc_feat_ornament, uniq_nergalle
D:12:     minmay_imperfect_grid, layout_rooms
D:13:     layout_loops_ring, uniq_rupert
D:14:     layout_basic, erik_vaults_1, chequers_serial_rivers_marsh
D:15:     gammafunk_enter_depths_forms, layout_basic, lemuel_tele_altar,
          gammafunk_ghost_arena, gauntlet_entry_generic
Lair:1:   dragon1_lemuel, layout_regular_city
Lair:2:   layout_layer_cave, spider_nest_entry_funnel_web, grunt_megastairs_2
Lair:3:   layout_hall_layers, minmay_swamp_entry_swarm,
          infiniplex_staircase_pool
Lair:4:   layout_gridlike, nicolae_lair_liquid_snakes
Lair:5:   minmay_lair_end_frog_pond, layout_cellular_growth,
          dpeg_slime_entry_enclosed, ebering_ghost_reflecting_pool,
          cheibrodos_lair_lostbears, uniq_snorg
Orc:1:    layout_caves, nooodl_orcs_dogs, uniq_urug
Orc:2:    grunt_orc_gardens, layout_caves, grunt_orc_garden, grunt_orc_garden,
          grunt_orc_garden, grunt_orc_garden, gammafunk_ghost_stat_death,
          serial_shops, shop

Skill      XL: |  1  2  3  4  5  6  7  8  9 10 11 12 13 14 15 |
---------------+----------------------------------------------+-----
Axes           | 4 5 6 7 8 9 11 12 13 15 16 17 18 | 18.4
Fighting       | 4 5 7 8 10 11 13 14 15 16 17 | 17.9
Armour         | 3 5 6 7 8 9 10 11 12 | 12.5
Dodging        | 3 4 5 6 8 9 10 11 | 11.5
Evocations     | 1 2 4 5 6 7 8 9 |  9.5
Shields        | 3 5 7 8 9 |  9.7
Stealth        | |  0.7

Action                     |  1- 3 |  4- 6 |  7- 9 | 10-12 | 13-15 || total
---------------------------+-------+-------+-------+-------+-------++-------
  Melee: Hand axe          |    69 |   121 |       |       |       ||   190
         Headbutt          |     4 |    24 |    41 |   112 |   232 ||   413
         Punch             |       |     2 |       |       |       ||     2
         Trident           |       |    39 |   206 |   184 |   332 ||   761
         Flail             |       |       |       |   135 |       ||   135
         Morningstar       |       |       |       |   243 |       ||   243
         Broad axe         |       |       |       |       |   648 ||   648
 Invoke: Berserk           |     1 |     2 |     5 |     7 |    10 ||    25
         Trog's Hand       |       |       |     1 |     3 |     4 ||     8
  Evoke: Wand              |       |       |       |    12 |       ||    12
         Condenser vane    |       |       |       |     1 |     1 ||     2
         Box of beasts     |       |       |       |       |     1 ||     1
    Use: Scroll            |       |     7 |     4 |     6 |    11 ||    28
         Potion            |       |       |       |       |     1 ||     1
   Stab: Sleeping          |     1 |       |       |       |       ||     1
 Armour: Animal skin       |     1 |       |       |       |       ||     1
         Scale mail        |    14 |    53 |       |       |       ||    67
         Ring mail         |     6 |       |       |       |       ||     6
         Plate armour      |       |    14 |    75 |   348 |   268 ||   705
         Pearl dragon scal |       |       |       |       |   167 ||   167
  Dodge: Dodged            |    36 |    62 |    60 |   215 |   318 ||   691
  Block: Buckler           |       |       |       |    51 |       ||    51
         Tower shield      |       |       |       |   118 |   686 ||   804
